 Dungeon Crawl Stone Soup version 0.21.1-1-g345015fe64 (webtiles) character file.

81 Knicklaso the Ducker (level 4, 0/29 HPs)
             Began as a Halfling Skald on Apr 21, 2018.
             Slain by a hobgoblin (2 damage)
             ... led by Robin
             ... on level 2 of the Dungeon.
             The game lasted 00:03:17 (1474 turns).

Knicklaso the Ducker (Halfling Skald)               Turns: 1474, Time: 00:03:18

Health: 0/29       AC:  3    Str: 13    XL:     4   Next: 68%
Magic:  6/6        EV: 15    Int: 11    God:
Gold:   98         SH:  0    Dex: 13    Spells: 5/6 levels left

rFire    . . .     SeeInvis .   a - +0 falchion
rCold    . . .     Gourm    .   (shield restricted)
rNeg     . . .     Faith    .   b - +0 leather armour
rPois    .         Spirit   .   (no helmet)
rElec    .         Reflect  .   (no cloak)
rCorr    .         Harm     .   (no gloves)
MR       .....                  (no boots)
Stlth    +.........             (no amulet)
HPRegen  0.09/turn              (no ring)
MPRegen  0.10/turn              (no ring)

@: drained
A: small, mutation resistance 1
a: no special abilities


You were on level 2 of the Dungeon.
You were very hungry.

You visited 1 branch of the dungeon, and saw 2 of its levels.

You collected 98 gold pieces.

Inventory:

Hand Weapons
 a - a +0 falchion (weapon)
Missiles
 h - 2 tomahawks (quivered)
 n - 15 sling bullets
Armour
 b - a +0 leather armour (worn)
Jewellery
 f - a cursed -3 ring of dexterity {unknown}
 m - a cursed ring of teleportation {unknown}
Scrolls
 e - a scroll of teleportation {unknown}
 j - a scroll of identify {unknown}
Potions
 g - a potion of might {unknown}
 i - a potion of curing {unknown}
 k - a potion of heal wounds {unknown}
 l - a potion of brilliance {unknown}
 o - a potion of berserk rage {unknown}
Books
 c - a book of Battle

   Spells                             Type                      Level
   a - Infusion                       Charms                       1
   b - Shroud of Golubria             Charms/Translocation         2
   c - Song of Slaying                Charms                       2
   d - Spectral Weapon                Hexes/Charms                 3
   e - Regeneration                   Charms/Necromancy            3
Comestibles
 d - a ration


   Skills:
 - Level 1.7(1.5) Fighting
 + Level 3.4(3.1) Long Blades
 - Level 1.1(0.8) Armour
 + Level 3.8(3.6) Dodging
 - Level 1.5(1.3) Spellcasting
 - Level 3.2(3.0) Charms


You had 5 spell levels left.
You knew the following spells:

 Your Spells              Type           Power        Failure   Level  Hunger
a - Infusion              Chrm           #...         12%         1    ##.....


Dungeon Overview and Level Annotations

Branches:
Dungeon (2/15)

Altars:


Innate Abilities, Weirdness & Mutations

You are small and have problems with some larger weapons.
You are somewhat resistant to further mutation.


Message History

You barely miss the rat.
The rat is heavily wounded.
The rat misses you.
You riposte.
You closely miss the rat.
The rat is heavily wounded.
The rat bites you.
* * * LOW HITPOINT WARNING * * *
You barely miss the rat.
The rat is heavily wounded.
The rat barely misses you.
You closely miss the rat.
The rat is heavily wounded.
The hobgoblin no longer looks unusually strong.
The rat closely misses you.
You hit the rat but do no damage.
The rat is heavily wounded.
The rat barely misses you.
You slash the rat!
You kill the rat!
You hit the hobgoblin but do no damage. The hobgoblin hits you.
You die...

.. .. #( .. #.#
###....... #..
.........##
..##.........# #
####............#.
#...).#g.r.......
#@#ggg.. ..#
#g#.†####'#
#.).gg.)..#
######.#..# ###..#
#>.# #..# #..#
##.######


You could see a hobgoblin.

Vanquished Creatures
  Robin (D:2)
  An adder (D:2)
  2 dart slugs (D:1)
  A leopard gecko (D:1)
  16 goblins
  5 hobgoblins
  4 jackals
  4 bats (D:1)
  3 frilled lizards (D:1)
  6 kobolds
  10 rats
53 creatures vanquished.

Notes
Turn   | Place    | Note
-------+----------+-------------------------------------------
     0 | D:1      | Knicklaso the Halfling Skald began the quest for the Orb.
     0 | D:1      | Reached XP level 1. HP: 14/14 MP: 3/3
    47 | D:1      | Reached XP level 2. HP: 16/19 MP: 4/4
   436 | D:1      | Reached XP level 3. HP: 21/24 MP: 5/5
  1219 | D:2      | Reached XP level 4. HP: 15/29 MP: 6/6
  1409 | D:2      | Noticed Robin
  1463 | D:2      | Killed Robin
  1469 | D:2      | HP: 1/29 [rat (2)]
  1474 | D:2      | Slain by a hobgoblin

Skill      XL: |  1  2  3 |
---------------+----------+-----
Dodging        | 3 |  3.8
Long Blades    | 3 |  3.4
Fighting       | |  1.7
Armour         | |  1.1
Spellcasting   | |  1.5
Charms         | |  3.2

Action                   |  1- 3 |  4- 6 || total
-------------------------+-------+-------++-------
Melee: Falchion          |   121 |    55 ||   176
  Eat: Chunk             |       |     1 ||     1
Armor: Leather armour    |    30 |    13 ||    43
Dodge: Dodged            |   104 |    59 ||   163
       Rpst.: Falchion   |    32 |    19 ||    51
